[Event "Titled Tuesday Blitz August 31 2021"]
[White "Samsonkin, Artiom"]
[Black "Sargsyan, Anna M."]
[WhiteFideId "13503111"]
[BlackFideId "13308130"]
[WhiteElo "2513"]
[BlackElo "2263"]
[Result "1-0"]
[Round "05"]
[TimeControl "180+1"]
[Date "2021.08.31"]
[WhiteClock "0:00:20"]
[BlackClock "0:00:20"]

1. e4 c6 2. d4 d5 3. e5 Bf5 4. h4 h5 5. Bd3 Bxd3 6. Qxd3 e6 7. Bg5 Qa5+ 8. Nc3 Qa6 9. Qd2 c5 10. Nf3 Nc6 11. Ne2 Nge7 12. O-O Nf5 13. c3 cxd4 14. Nexd4 Nfxd4 15. cxd4 Bb4 16. Qd1 O-O 17. a3 Be7 18. Rc1 Rfe8 19. Rc3 Rac8 20. Qc1 Bf8 21. Qf4 Qe2 22. b4 Qe4 23. Qd2 Ne7 24. Bxe7 Rxc3 25. Qxc3 Bxe7 26. Qc7 Bxh4 27. Qxb7 Qg4 28. Rc1 Bg5 29. Rc7 Rf8 30. Rc8 Rxc8 31. Qxc8+ Kh7 32. Qc7 Kg6 33. Qxa7 h4 34. Qa6 h3 35. Qd3+ Kh6 36. g3 Bc1 37. Kh2 g6 38. b5 Kg7 39. b6 Qh5 40. b7 Qh8 41. Qc2 Bxa3 42. Qc8 1-0


[Site "https://www.chess.com"]

[Event "Titled Tuesday Blitz August 31 2021"]
[White "Seo, Jung Min"]
[Black "Jakubowski, Krzysztof"]
[WhiteFideId "1734687"]
[BlackFideId "1112848"]
[WhiteElo "2486"]
[BlackElo "2414"]
[Result "1-0"]
[Round "05"]
[TimeControl "180+1"]
[Date "2021.08.31"]
[WhiteClock "0:01:48"]
[BlackClock "0:00:29"]

1. d4 Nf6 2. Nf3 e6 3. c4 Bb4+ 4. Bd2 a5 5. g3 d6 6. Bg2 Nbd7 7. O-O e5 8. Bc1 exd4 9. Nxd4 O-O 10. Nc3 Bxc3 11. bxc3 Ne5 12. Qb3 Nfd7 13. Ba3 a4 14. Qb5 Qf6 15. Nc2 c6 16. Qb4 Nc5 17. Ne3 Ng4 18. Nxg4 Bxg4 19. Rfe1 Rfe8 20. Qb2 Be6 21. Bxc5 dxc5 22. Qxb7 Bxc4 23. Qxc6 Ra6 24. Qxe8# 1-0


[Site "https://www.chess.com"]

[Event "Titled Tuesday Blitz August 31 2021"]
[White "Shkapenko, Pavel"]
[Black "Kuzubov, Yuriy"]
[WhiteFideId "4151933"]
[BlackFideId "14112906"]
[WhiteElo "2386"]
[BlackElo "2564"]
[Result "1-0"]
[Round "05"]
[TimeControl "180+1"]
[Date "2021.08.31"]
[WhiteClock "0:00:23"]
[BlackClock "0:00:10"]

1. e4 e5 2. Nf3 Nf6 3. Nxe5 d6 4. Nf3 Nxe4 5. d3 Nf6 6. d4 g6 7. h3 Bg7 8. Bd3 O-O 9. O-O a6 10. c4 c5 11. Be3 Nc6 12. dxc5 d5 13. Bf4 dxc4 14. Bxc4 Ne4 15. Nc3 Qxd1 16. Raxd1 Nxc3 17. bxc3 Be6 18. Bxe6 fxe6 19. Bd6 Rf5 20. Rb1 Na5 21. Nd4 Rf7 22. Nxe6 Bxc3 23. Rfc1 Bf6 24. Bc7 Nc6 25. Rxb7 Re8 26. Nf4 Bg5 27. g3 Bxf4 28. gxf4 Ree7 29. Rb8+ Nxb8 30. Bxb8 Rb7 31. Be5 Rf8 32. c6 Rb5 33. c7 Rc8 34. Rd1 Kf7 35. Rd8 Rxe5 36. Rxc8 Rc5 37. Kg2 Kg7 38. Kf3 a5 39. Ke4 a4 40. Kd4 Rc1 41. Kd5 Rd1+ 42. Kc6 Rc1+ 43. Kb5 a3 44. Ka4 Rc3 45. Kb4 Rc2 46. Kxa3 1-0


[Site "https://www.chess.com"]

[Event "Titled Tuesday Blitz August 31 2021"]
[White "Shubenkova, Veronika"]
[Black "Levitskiy, Andrey"]
[WhiteFideId "44124040"]
[BlackFideId "14132885"]
[WhiteElo "1882"]
[BlackElo "2340"]
[Result "1-0"]
[Round "05"]
[TimeControl "180+1"]
[Date "2021.08.31"]
[WhiteClock "0:00:30"]
[BlackClock "0:00:01"]

1. e4 e6 2. d4 d5 3. exd5 exd5 4. Nf3 Bd6 5. Bd3 Nc6 6. O-O Nge7 7. c3 Bg4 8. Nbd2 Qd7 9. Qc2 f6 10. b4 O-O-O 11. a4 Rde8 12. a5 g5 13. b5 Nd8 14. b6 a6 15. bxc7 Ndc6 16. Ba3 Bxc7 17. Bc5 Bf5 18. c4 Bxd3 19. Qxd3 g4 20. Nh4 Ng6 21. cxd5 Nf4 22. dxc6 Qxc6 23. Qf5+ Kb8 24. Bb6 Bd6 25. d5 Qc3 26. Ne4 Ne2+ 27. Kh1 Qe5 28. Nxd6 Qxd6 29. Rae1 Re5 30. Qxg4 Rhe8 31. Nf3 Re4 32. Qf5 Qb4 33. Be3 Nc3 34. Rc1 Nb5 35. h3 Qxa5 36. Qxf6 Qb4 37. Qb6 Qe7 38. Rb1 Rb4 39. Rxb4 Qxb4 40. d6 Qc4 41. d7 1-0


[Site "https://www.chess.com"]

[Event "Titled Tuesday Blitz August 31 2021"]
[White "Silva, Miguel Antonio Neto"]
[Black "Weetik, Vjacheslav"]
[WhiteFideId "1911929"]
[BlackFideId "4153472"]
[WhiteElo "2283"]
[BlackElo "2469"]
[Result "0-1"]
[Round "05"]
[TimeControl "180+1"]
[Date "2021.08.31"]
[WhiteClock "0:01:37"]
[BlackClock "0:01:36"]

1. d3 d5 2. Nf3 Nf6 3. g3 Bg4 4. Bg2 Nbd7 5. O-O c6 6. c4 dxc4 7. dxc4 e5 8. b3 Qc7 9. Nc3 Be7 10. Qc2 O-O 11. Bb2 Rfe8 12. Rad1 a5 13. a3 Bf8 14. h3 Bh5 15. Nh4 Nc5 16. Nf5 Qb6 17. Na4 Qxb3 18. Qxb3 Nxb3 19. g4 Bg6 20. Rd3 Nc5 21. Nxc5 Bxc5 22. e4 a4 23. Rfd1 h5 24. g5 Nh7 25. h4 Nf8 0-1


[Site "https://www.chess.com"]

[Event "Titled Tuesday Blitz August 31 2021"]
[White "Sjugirov, Sanan"]
[Black "Dobrov, Vladimir"]
[WhiteFideId "4189302"]
[BlackFideId "4136594"]
[WhiteElo "2472"]
[BlackElo "2614"]
[Result "1-0"]
[Round "05"]
[TimeControl "180+1"]
[Date "2021.08.31"]
[WhiteClock "0:00:06"]
[BlackClock "0:00:11"]

1. d4 Nf6 2. c4 e6 3. Nf3 d5 4. Nc3 c6 5. Bg5 h6 6. Bxf6 Qxf6 7. e3 Nd7 8. Rc1 Bd6 9. Bd3 dxc4 10. Bxc4 O-O 11. O-O b6 12. Bd3 Bb7 13. Ne4 Qe7 14. Nxd6 Qxd6 15. Bb1 Rfd8 16. Qc2 Nf8 17. Rfd1 Rac8 18. a3 c5 19. dxc5 Rxc5 20. Rxd6 Rxc2 21. Bxc2 Rxd6 22. Ba4 Bxf3 23. gxf3 g5 24. Rc7 a5 25. Be8 f5 26. Kg2 Rd2 27. b4 axb4 28. axb4 Rb2 29. b5 h5 30. Rb7 h4 31. Rxb6 Kg7 32. Rb7+ Kh6 33. Rf7 Nh7 34. Re7 g4 35. Rxe6+ Kg7 36. fxg4 fxg4 37. Rg6+ Kf8 38. Bc6 Rb4 39. Bd7 Ke7 40. Rxg4 Rb1 41. Bc6 Nf6 42. Rxh4 Ke6 43. Rh6 Rb2 44. Rh4 Ke5 45. h3 Kf5 46. Rf4+ Ke5 47. h4 Rc2 48. Rb4 Kf5 49. Bf3 1-0


[Site "https://www.chess.com"]

[Event "Titled Tuesday Blitz August 31 2021"]
[White "Skliarov, Viktor"]
[Black "Manukyan, Sargis A."]
[WhiteFideId "14106736"]
[BlackFideId "13303970"]
[WhiteElo "2281"]
[BlackElo "2187"]
[Result "1/2-1/2"]
[Round "05"]
[TimeControl "180+1"]
[Date "2021.08.31"]
[WhiteClock "0:00:08"]
[BlackClock "0:01:10"]

1. e4 c5 2. Nf3 d6 3. d4 cxd4 4. Qxd4 Nf6 5. Nc3 Nc6 6. Bb5 Bd7 7. Bxc6 Bxc6 8. Bg5 e6 9. O-O-O Be7 10. Rhe1 O-O 11. Kb1 b5 12. Bxf6 Bxf6 13. Qxd6 Qb6 14. e5 Bd8 15. Nd4 Bxg2 16. Rg1 Bh3 17. Rg3 Bf5 18. Nxf5 exf5 19. Rxg7+ Kxg7 20. Rg1+ Bg5 21. Rxg5+ Kh8 22. Qxb6 axb6 23. Rxf5 b4 24. Ne4 Rad8 25. Kc1 Rg8 26. c3 bxc3 27. bxc3 Rg1+ 28. Kc2 Ra1 29. Kb3 Rb1+ 30. Kc2 Re1 31. Nf6 Re2+ 32. Kb3 h6 33. h4 Rdd2 34. Ng4 Kg7 35. Rf6 h5 36. Ne3 Rb2+ 37. Kc4 Rxf2 38. Nf5+ Kf8 39. Nd6 Rxf6 40. exf6 Rxa2 41. Kb5 Rf2 42. Kxb6 Rxf6 43. Kc7 Rf4 44. c4 Rxh4 45. c5 Rh1 46. c6 Rc1 47. Kd7 h4 48. c7 h3 49. Ne4 Rxc7+ 50. Kxc7 f5 51. Nf2 h2 52. Kd6 Kf7 53. Ke5 Kg6 54. Kf4 Kf6 55. Kg3 h1=Q 56. Nxh1 Ke5 57. Kf3 f4 58. Nf2 Kf5 59. Nh3 Ke5 60. Nxf4 1/2-1/2


[Site "https://www.chess.com"]

[Event "Titled Tuesday Blitz August 31 2021"]
[White "Stelmaszyk, Nico"]
[Black "FGHSMN"]
[WhiteFideId "16200462"]
[WhiteElo "2119"]
[BlackElo "2671"]
[Result "0-1"]
[Round "05"]
[TimeControl "180+1"]
[Date "2021.08.31"]
[WhiteClock "0:00:12"]
[BlackClock "0:00:47"]

1. e4 c5 2. Nf3 e6 3. c3 d5 4. exd5 Qxd5 5. d4 Nf6 6. Be2 Be7 7. O-O O-O 8. Be3 Rd8 9. dxc5 Qxd1 10. Rxd1 Rxd1+ 11. Bxd1 Nc6 12. Bb3 Ng4 13. Nbd2 Nxe3 14. fxe3 Bxc5 15. Kf2 Kf8 16. Rd1 Ke7 17. Ne4 Bb6 18. Nd4 Bd7 19. h3 Ne5 20. Nf3 Nxf3 21. gxf3 Bc6 22. Ng3 f5 23. Ne2 e5 24. f4 exf4 25. Nxf4 g5 26. Nd5+ Bxd5 27. Rxd5 f4 28. Rxg5 fxe3+ 29. Ke2 Rf8 30. Rg7+ Kd6 31. Rg2 Ke5 32. Bc4 Rd8 33. Bd3 Rd7 34. Rg5+ Kf4 35. Rg4+ Ke5 36. Rg5+ Kf6 37. Rh5 Rg7 38. Be4 Rg1 39. Rxh7 Ra1 40. h4 Rxa2 41. Bd3 Rxb2+ 42. Kf1 Rf2+ 43. Ke1 Ba5 44. Be2 Bxc3+ 45. Kd1 a5 46. Rxb7 Rh2 47. h5 Bd2 48. Ra7 Bb4 49. Rb7 Rh4 50. Ra7 Rd4+ 51. Kc1 Rd2 52. Bc4 e2 53. Rf7+ Kg5 54. Re7 Rd1+ 55. Kc2 e1=Q 56. Rxe1 Rxe1 57. h6 Kxh6 58. Kb3 Kg5 59. Ka4 Kf6 60. Bb5 Ke5 61. Bc4 Kd6 62. Bb3 Kc5 63. Bc2 Ra1+ 64. Kb3 Ra3+ 65. Kb2 Rg3 66. Bd1 Ba3+ 67. Ka2 Kb4 68. Bc2 Rg2 69. Kb1 Kc3 70. Bh7 Bb2 71. Ka2 Rg1 72. Bb1 Rf1 73. Bc2 Ra1# 0-1


[Site "https://www.chess.com"]

[Event "Titled Tuesday Blitz August 31 2021"]
[White "Stribuk, Artiom"]
[Black "Martin Carmona, Gaston Manuel"]
[WhiteFideId "13515659"]
[BlackFideId "22284567"]
[WhiteElo "2224"]
[BlackElo "2161"]
[Result "0-1"]
[Round "05"]
[TimeControl "180+1"]
[Date "2021.08.31"]
[WhiteClock "0:00:03"]
[BlackClock "0:00:30"]

1. d4 Nf6 2. c4 g6 3. Nf3 Bg7 4. g3 O-O 5. Bg2 d6 6. O-O Nc6 7. Nc3 e5 8. d5 Ne7 9. e4 Ne8 10. Ne1 f5 11. Nd3 Nf6 12. Bg5 h6 13. Bxf6 Rxf6 14. f4 exf4 15. Nxf4 Bd7 16. Qd2 Qf8 17. Rae1 Re8 18. Kh1 Kh7 19. c5 Nc8 20. b4 fxe4 21. Nxe4 Rf5 22. Bh3 Be5 23. Ne6 Rxf1+ 24. Rxf1 Qe7 25. Bg4 Bxe6 26. Bxe6 Rf8 27. Kg2 Rxf1 28. Kxf1 Qf8+ 29. Qf2 Qxf2+ 30. Kxf2 Ne7 31. Ke3 Kg7 32. Kd3 Nf5 33. Bxf5 gxf5 34. Nd2 Kf6 35. Nc4 f4 36. gxf4 Bxf4 37. h3 Kg5 38. Ke4 Bg3 39. a4 Kh4 40. Na5 dxc5 41. bxc5 b6 42. cxb6 axb6 43. Nc6 Kxh3 44. Kf3 Bd6 45. Nd4 Kh4 46. Nf5+ Kg5 47. Nd4 Kf6 48. Ke4 h5 49. Nb5 h4 50. Kf3 h3 51. Nc3 Ke5 52. Kg3 Kd4+ 53. Kxh3 Kxc3 0-1


[Site "https://www.chess.com"]

[Event "Titled Tuesday Blitz August 31 2021"]
[White "Suvorov, Luca"]
[Black "Gabrielian, Artur"]
[WhiteFideId "12977071"]
[BlackFideId "4131002"]
[WhiteElo "2127"]
[BlackElo "2513"]
[Result "1/2-1/2"]
[Round "05"]
[TimeControl "180+1"]
[Date "2021.08.31"]
[WhiteClock "0:00:03"]
[BlackClock "0:00:15"]

1. d4 Nf6 2. c4 e6 3. Nc3 Bb4 4. e3 O-O 5. Ne2 d5 6. a3 Be7 7. cxd5 exd5 8. Nf4 c6 9. Bd3 Nbd7 10. O-O Re8 11. f3 Nf8 12. Bc2 Ng6 13. Nxg6 hxg6 14. e4 dxe4 15. fxe4 Be6 16. Be3 Qd7 17. h3 Rad8 18. Qf3 Bf8 19. Rad1 Bc4 20. Rfe1 Qe6 21. Bf2 b5 22. b3 Bxb3 23. d5 Qd6 24. Bxb3 Qxa3 25. Nb1 Qb4 26. dxc6 Rxd1 27. Rxd1 Bc5 28. Bd5 Re7 29. Rc1 Bxf2+ 30. Qxf2 Qd6 31. Qc5 Qf4 32. Na3 Nxd5 33. exd5 Re2 34. Rf1 Qg3 35. Rf2 Re1+ 36. Rf1 Re2 37. Rf2 Re1+ 38. Rf1 Re2 1/2-1/2


[Site "https://www.chess.com"]

[Event "Titled Tuesday Blitz August 31 2021"]
[White "Tarigan, Gilbert Elroy"]
[Black "Fernandez Hernandez, Arturo A."]
[WhiteFideId "7108133"]
[BlackFideId "3509230"]
[WhiteElo "1908"]
[BlackElo "2400"]
[Result "1-0"]
[Round "05"]
[TimeControl "180+1"]
[Date "2021.08.31"]
[WhiteClock "0:00:21"]
[BlackClock "0:00:02"]

1. c4 f5 2. Qc2 d6 3. e3 Nf6 4. a3 e6 5. b3 Be7 6. Bb2 O-O 7. Nf3 Nc6 8. Be2 Qe8 9. h3 e5 10. Nc3 a6 11. d4 e4 12. Nd2 Qg6 13. g3 Bd7 14. b4 Rfe8 15. c5 d5 16. Qb3 Qf7 17. O-O-O Be6 18. Rdg1 Reb8 19. g4 f4 20. g5 Nd7 21. h4 f3 22. Bf1 Nf8 23. h5 b6 24. cxb6 cxb6 25. Ndxe4 dxe4 26. d5 Bf5 27. g6 hxg6 28. hxg6 Nxg6 29. Rh5 Nce5 30. Rxf5 Qxf5 31. d6+ Qf7 32. Qxf7+ Kxf7 33. dxe7 Nd3+ 34. Bxd3 exd3 35. Rg3 Nxe7 36. Ne4 Nf5 37. Rxf3 g6 38. Kd2 Rd8 39. Bd4 a5 40. Bxb6 Rdb8 41. bxa5 Ke6 42. Nc5+ Kd5 43. e4+ Kc4 44. exf5 Rxb6 45. axb6 Kxc5 46. fxg6 Kxb6 47. g7 Rg8 48. Rf7 1-0


[Site "https://www.chess.com"]

[Event "Titled Tuesday Blitz August 31 2021"]
[White "Terry, Renato"]
[Black "Quintiliano Pinto, Renato R."]
[WhiteFideId "3803457"]
[BlackFideId "2117568"]
[WhiteElo "2581"]
[BlackElo "2439"]
[Result "0-1"]
[Round "05"]
[TimeControl "180+1"]
[Date "2021.08.31"]
[WhiteClock "0:00:21"]
[BlackClock "0:00:34"]

1. Nf3 Nf6 2. b4 e6 3. b5 a6 4. c4 d5 5. e3 axb5 6. cxb5 c5 7. Bb2 Bd6 8. g4 O-O 9. g5 Ne4 10. h4 Nd7 11. a4 c4 12. Nc3 Ndc5 13. Nxe4 dxe4 14. Ne5 Bxe5 15. Bxe5 Qd5 16. Bc3 e5 17. h5 f5 18. Bb4 Nd3+ 19. Bxd3 exd3 20. Rg1 Re8 21. Rg3 Qh1+ 0-1


[Site "https://www.chess.com"]

[Event "Titled Tuesday Blitz August 31 2021"]
[White "Timmermans, Mark"]
[Black "Demin, Vladimir"]
[WhiteFideId "1026399"]
[BlackFideId "4167457"]
[WhiteElo "2460"]
[BlackElo "2557"]
[Result "1-0"]
[Round "05"]
[TimeControl "180+1"]
[Date "2021.08.31"]
[WhiteClock "0:00:10"]
[BlackClock "0:00:16"]

1. b4 e5 2. Bb2 Bxb4 3. Bxe5 Nf6 4. Nc3 O-O 5. Bxf6 Qxf6 6. Nd5 Qd6 7. c4 Ba5 8. e3 c6 9. Nf4 Na6 10. Nf3 Qh6 11. Be2 Bc7 12. Nd3 Re8 13. O-O d5 14. cxd5 Bg4 15. g3 cxd5 16. Nd4 Bh3 17. Re1 Qg6 18. Qb3 Bb6 19. Nf4 Qh6 20. Nxh3 Qxh3 21. Qxd5 Rad8 22. Qxb7 Nb4 23. Bc4 Rd7 24. Qg2 Qxg2+ 25. Kxg2 Rc8 26. Rec1 Bxd4 27. exd4 Kf8 28. Rab1 a5 29. a3 Nd5 30. Bxd5 Rxc1 31. Rxc1 Rxd5 32. Rc4 Ke7 33. Kf3 Kd6 34. Ke4 f5+ 35. Kd3 Rb5 36. Kc2 Rb8 37. Rc5 a4 38. Rxf5 Rb3 39. Rf7 Rxa3 40. Rxg7 Ra2+ 41. Kd3 Ra1 42. Rxh7 a3 43. Ra7 Rf1 44. Rxa3 Rxf2 45. Ra6+ Kd5 46. Ra5+ Kd6 47. Rh5 1-0


[Site "https://www.chess.com"]

[Event "Titled Tuesday Blitz August 31 2021"]
[White "Timofeev, Artyom"]
[Black "Yanchenko, Roman"]
[WhiteFideId "4140419"]
[BlackFideId "4137329"]
[WhiteElo "2582"]
[BlackElo "2514"]
[Result "1-0"]
[Round "05"]
[TimeControl "180+1"]
[Date "2021.08.31"]
[WhiteClock "0:01:25"]
[BlackClock "0:00:06"]

1. c4 e5 2. e3 c5 3. Nc3 Nc6 4. g3 g6 5. Bg2 Bg7 6. Nge2 Nge7 7. O-O O-O 8. a3 h6 9. Rb1 f5 10. b4 cxb4 11. axb4 e4 12. d3 exd3 13. Qxd3 Ne5 14. Qd1 d6 15. c5 dxc5 16. bxc5 N7c6 17. Nf4 Kh7 18. Nb5 Nf7 19. Qxd8 Nfxd8 20. Nd6 Be5 21. Rd1 g5 22. Nd5 Bxd6 23. cxd6 Bd7 24. Bb2 Kg6 25. h4 Rf7 26. hxg5 hxg5 27. f4 Ne6 28. Kf2 Nc5 29. Ba3 Ne4+ 30. Bxe4 fxe4 31. Rxb7 gxf4 32. gxf4 Rh8 33. Rg1+ Kh7 34. Bb2 Rg8 35. Rxg8 Kxg8 36. Rxd7 Rxd7 37. Nf6+ Kf7 38. Nxd7 Ke6 39. Ne5 Kxd6 40. Nxc6 1-0


[Site "https://www.chess.com"]

[Event "Titled Tuesday Blitz August 31 2021"]
[White "Tokhirjonova, Gulrukhbegim"]
[Black "Bernadskiy, Vitaliy"]
[WhiteFideId "14203626"]
[BlackFideId "14100371"]
[WhiteElo "2236"]
[BlackElo "2510"]
[Result "0-1"]
[Round "05"]
[TimeControl "180+1"]
[Date "2021.08.31"]
[WhiteClock "0:00:03"]
[BlackClock "0:00:03"]

1. e4 c5 2. Nf3 e6 3. d4 cxd4 4. Nxd4 a6 5. c4 Nf6 6. Nc3 Qc7 7. a3 Be7 8. Be2 O-O 9. Be3 b6 10. f3 Bb7 11. Qd2 d6 12. b4 Nbd7 13. O-O Ne5 14. Rfc1 Rac8 15. Rc2 Qb8 16. Na4 Ba8 17. Qc1 Nfd7 18. Rb1 Bd8 19. Kh1 Bc7 20. Bg1 Ng6 21. Nb2 Nde5 22. a4 Bb7 23. Nb3 Nd7 24. Nd3 Nge5 25. Nxe5 Nxe5 26. c5 b5 27. axb5 axb5 28. Nd4 d5 29. c6 Ba8 30. exd5 exd5 31. Bxb5 Bb6 32. Ba6 Rc7 33. b5 Re8 34. Nf5 g6 35. Ne3 Rd8 36. Qb2 d4 37. Nc4 d3 38. Bxb6 Nxc4 39. Rxc4 Qxb6 40. Rd1 Bxc6 41. Qc3 Bxf3 42. gxf3 Qf2 43. Rf4 Rxc3 0-1


[Site "https://www.chess.com"]

[Event "Titled Tuesday Blitz August 31 2021"]
[White "Trent, Lawrence"]
[Black "Yordanov, Nikolay Plamenov"]
[WhiteFideId "408638"]
[BlackFideId "2907445"]
[WhiteElo "2474"]
[BlackElo "2248"]
[Result "1-0"]
[Round "05"]
[TimeControl "180+1"]
[Date "2021.08.31"]
[WhiteClock "0:02:33"]
[BlackClock "0:01:20"]

1. c4 Nf6 2. Nc3 g6 3. e4 d6 4. d4 Bg7 5. Be2 O-O 6. h4 h5 7. Nf3 Bg4 8. Be3 e5 9. d5 a5 10. Nd2 Bxe2 11. Qxe2 Na6 12. f3 Qd7 13. O-O-O a4 14. Rdg1 c6 15. g4 b5 16. dxc6 Qe6 17. cxb5 Nb4 18. Qc4 Qxc4 19. Nxc4 hxg4 20. fxg4 d5 21. exd5 Nfxd5 22. Nxd5 Nxd5 23. Bc5 Rfe8 24. Rd1 Nf4 25. b6 e4 26. b7 Nd3+ 27. Rxd3 exd3 28. bxa8=Q Rxa8 29. Nd6 Bh6+ 30. g5 Bf8 31. c7 Bxd6 32. Bxd6 1-0


[Site "https://www.chess.com"]

[Event "Titled Tuesday Blitz August 31 2021"]
[White "Tsaruk, Maksim"]
[Black "Richter, Nils"]
[WhiteFideId "13511173"]
[BlackFideId "12990809"]
[WhiteElo "2184"]
[BlackElo "2289"]
[Result "1-0"]
[Round "05"]
[TimeControl "180+1"]
[Date "2021.08.31"]
[WhiteClock "0:00:13"]
[BlackClock "0:00:52"]

1. e4 c5 2. Nf3 d6 3. Bb5+ Nd7 4. O-O Nf6 5. Re1 a6 6. Bd3 e6 7. c3 b5 8. Bc2 c4 9. a4 Bb7 10. d4 cxd3 11. Bxd3 Be7 12. axb5 axb5 13. Na3 O-O 14. b4 Qc7 15. Nxb5 Qc6 16. Nbd4 Qxc3 17. Rb1 Ne5 18. Nxe5 dxe5 19. Bb2 Qc7 20. Nb5 Qb8 21. Qe2 Bxb4 22. Rec1 Bxe4 23. Bxe4 Nxe4 24. Qxe4 Qxb5 25. Bc3 Qd5 26. Qxb4 h5 27. Rd1 Qa2 28. Bxe5 Ra4 29. Qb2 Qc4 30. Bxg7 Rc8 31. Rbc1 Qa6 32. Rxc8+ Qxc8 33. Bf6 Rg4 34. Rd8+ Qxd8 35. Bxd8 Re4 36. g3 h4 37. Kg2 h3+ 38. Kxh3 1-0


[Site "https://www.chess.com"]

[Event "Titled Tuesday Blitz August 31 2021"]
[White "Urazayev, Arystanbek"]
[Black "Schmakel, Sam"]
[WhiteFideId "13709810"]
[BlackFideId "2039311"]
[WhiteElo "2321"]
[BlackElo "2356"]
[Result "0-1"]
[Round "05"]
[TimeControl "180+1"]
[Date "2021.08.31"]
[WhiteClock "0:00:28"]
[BlackClock "0:00:04"]

1. d4 Nf6 2. c4 g6 3. Nc3 Bg7 4. e4 d6 5. Be2 O-O 6. h4 c5 7. d5 e6 8. h5 exd5 9. exd5 Re8 10. h6 Bh8 11. Bg5 b5 12. cxb5 a6 13. a4 Qa5 14. Bd2 axb5 15. Nxb5 Qb6 16. Bc3 Ba6 17. Kf1 Nbd7 18. Rc1 Ne4 19. Bxh8 Kxh8 20. Nf3 Kg8 21. Rh4 Ndf6 22. Kg1 Bb7 23. Bc4 g5 24. Rh1 g4 25. Nd2 Nxd2 26. Qxd2 Re5 27. Nc3 Rae8 28. b3 Kh8 29. Rh4 Qd8 30. g3 Ne4 31. Nxe4 Rxe4 32. Rh5 Qf6 33. Qg5 Re1+ 34. Rxe1 Rxe1+ 35. Kg2 Qf3+ 36. Kh2 Qxf2# 0-1


[Site "https://www.chess.com"]

[Event "Titled Tuesday Blitz August 31 2021"]
[White "Viani Antonio Dcunha"]
[Black "Seemann, Jakub"]
[WhiteFideId "5027330"]
[BlackFideId "21874697"]
[WhiteElo "2366"]
[BlackElo "1805"]
[Result "1-0"]
[Round "05"]
[TimeControl "180+1"]
[Date "2021.08.31"]
[WhiteClock "0:00:05"]
[BlackClock "0:00:03"]

1. d4 d5 2. Bf4 Nf6 3. Nf3 e6 4. e3 Bd6 5. Bg3 O-O 6. Nbd2 c5 7. c3 Qc7 8. Bd3 Nbd7 9. O-O e5 10. dxe5 Nxe5 11. Nxe5 Bxe5 12. Bxe5 Qxe5 13. h3 Be6 14. Re1 Rfd8 15. Qf3 Rac8 16. Rad1 b6 17. Qe2 Ne4 18. Nxe4 dxe4 19. Ba6 Rb8 20. Bc4 Bxc4 21. Qxc4 Qe7 22. a4 g6 23. b4 Kg7 24. bxc5 Qxc5 25. Qxe4 Qxc3 26. Rc1 Qa5 27. Red1 Rbc8 28. g3 Rxc1 29. Rxc1 Qd5 30. Qf4 Rd7 31. h4 Qd6 32. Qc4 Qd5 33. Qc3+ Kg8 34. Qf6 Rd8 35. h5 gxh5 36. e4 Qd6 37. Qg5+ Kh8 38. e5 Qd2 39. Qf6+ Kg8 40. Rc7 Rf8 41. Kh2 Qe2 42. Qg5+ Kh8 43. Qf6+ Kg8 44. Re7 Qb2 45. Qg5+ Kh8 46. Qf6+ Kg8 47. Qg5+ Kh8 48. Kg2 Qd4 49. Qxh5 Qe4+ 50. Kh2 Qg6 51. Qh4 Rc8 52. Qf6+ Qxf6 53. exf6 Kg8 54. Rxa7 h5 55. Kh3 1-0


[Site "https://www.chess.com"]

[Event "Titled Tuesday Blitz August 31 2021"]
[White "Vlassov, Nikolai"]
[Black "Tristan, Leonardo"]
[WhiteFideId "4103360"]
[BlackFideId "113816"]
[WhiteElo "2407"]
[BlackElo "2404"]
[Result "1-0"]
[Round "05"]
[TimeControl "180+1"]
[Date "2021.08.31"]
[WhiteClock "0:00:03"]
[BlackClock "0:00:07"]

1. e4 d5 2. exd5 Qxd5 3. Nc3 Qa5 4. Nf3 Nf6 5. d4 Bf5 6. Ne5 c6 7. Bf4 Nbd7 8. Nc4 Qd8 9. Be2 Nb6 10. Ne3 Be6 11. O-O g6 12. Be5 Bg7 13. f4 O-O 14. f5 Bc8 15. g4 Nfd5 16. Nexd5 Nxd5 17. Bxg7 Kxg7 18. Nxd5 Qxd5 19. Bf3 Qd6 20. Be4 Bd7 21. Qd2 Rad8 22. Rf3 gxf5 23. gxf5 Kh8 24. Kh1 Qf6 25. c3 Rg8 26. Qf4 c5 27. Rh3 Bc6 28. dxc5 Rg5 29. Bxc6 Qxc6+ 30. Qf3 Rxf5 31. Qxc6 bxc6 32. b4 Rd2 33. a4 a6 34. Rg3 h5 35. Rag1 Rff2 36. R3g2 Kh7 37. Rg7+ Kh6 38. R7g2 h4 39. Rxf2 Rxf2 40. Re1 e6 41. Rd1 Rc2 42. Rd3 f5 43. b5 axb5 44. axb5 cxb5 45. c6 b4 46. c7 b3 47. c8=Q b2 48. Qh8+ Kg5 49. Qg7+ Kf4 50. Qh6+ Ke4 51. Qe3# 1-0


[Site "https://www.chess.com"]

[Event "Titled Tuesday Blitz August 31 2021"]
[White "Wong, Yinn Long"]
[Black "Suarez Uriel, Adrian"]
[WhiteFideId "5707684"]
[BlackFideId "22230874"]
[WhiteElo "2016"]
[BlackElo "2300"]
[Result "1-0"]
[Round "05"]
[TimeControl "180+1"]
[Date "2021.08.31"]
[WhiteClock "0:00:12"]
[BlackClock "0:00:47"]

1. e4 c5 2. Nc3 Nc6 3. g3 g6 4. Bg2 Bg7 5. d3 Rb8 6. Be3 b5 7. Bxc5 b4 8. Na4 Qa5 9. b3 Bxa1 10. Qxa1 f6 11. Nf3 Nh6 12. e5 O-O 13. O-O Qc7 14. exf6 Rxf6 15. Bxe7 Rxf3 16. Bg5 Nf7 17. Bxf3 Nxg5 18. Bd5+ Ne6 19. Nc5 Qe5 20. Nxe6 dxe6 21. Bxc6 Qxa1 22. Rxa1 Ba6 23. Re1 Kf7 24. Bd7 Rb6 25. f4 Ke7 26. Ba4 Bb7 27. Kf2 Bd5 28. g4 Rb8 29. Kg3 h6 30. Re2 a5 31. h4 Rf8 32. Bb5 Kd6 33. Bc4 Rc8 34. Rf2 Bxc4 35. dxc4 Ke7 36. Rd2 Rf8 37. Rd3 Rc8 38. c3 Rf8 39. Re3 Kf6 40. cxb4 axb4 41. Kf3 Ra8 42. Re2 Ra5 43. Rc2 Rc5 44. Ke4 e5 45. fxe5+ Rxe5+ 46. Kd4 Ra5 47. c5 Ra7 48. c6 Rc7 49. Kd5 1-0


[Site "https://www.chess.com"]

[Event "Titled Tuesday Blitz August 31 2021"]
[White "Xiong, Jeffery"]
[Black "Svane, Frederik"]
[WhiteFideId "2047640"]
[BlackFideId "12923044"]
[WhiteElo "2724"]
[BlackElo "2459"]
[Result "1-0"]
[Round "05"]
[TimeControl "180+1"]
[Date "2021.08.31"]
[WhiteClock "0:00:08"]
[BlackClock "0:00:03"]

1. c4 c5 2. Nf3 g6 3. d4 cxd4 4. Nxd4 Nc6 5. e4 Nf6 6. Nc3 d6 7. f3 Nxd4 8. Qxd4 Bg7 9. Be3 O-O 10. Qd2 a6 11. Be2 Qa5 12. O-O Bd7 13. Rab1 Rfc8 14. b4 Qd8 15. Rfd1 Be6 16. c5 Nd7 17. Na4 dxc5 18. Nxc5 Nxc5 19. bxc5 Qc7 20. Rb6 Rd8 21. Qb4 Rxd1+ 22. Bxd1 Rd8 23. Be2 Bc8 24. a4 Be5 25. h3 Bf4 26. Qc3 Bxe3+ 27. Qxe3 Bd7 28. a5 Rc8 29. f4 Qxc5 30. Qxc5 Rxc5 31. Rxb7 Be6 32. Rxe7 Rxa5 33. Ra7 Ra2 34. Bd3 Ra3 35. Bc2 Ra2 36. Bd3 Ra3 37. Be2 Ra2 38. Kf1 a5 39. g4 Kg7 40. f5 Bb3 41. g5 gxf5 42. exf5 h6 43. h4 hxg5 44. hxg5 Rd2 45. Bh5 Bc4+ 46. Ke1 Rd4 47. f6+ Kg8 48. Rxa5 Re4+ 49. Kd2 Rd4+ 50. Kc3 Rh4 51. Bf3 Be6 52. Kd3 Rf4 53. Ke3 Rf5 54. Ra8+ Kh7 55. Be4 Kg6 56. Bxf5+ Kxf5 57. Rg8 Ke5 58. Rg7 Kf5 59. Kd4 Bb3 60. Kc5 Ke5 61. Kc6 Be6 62. Kc7 Kd5 63. Kd8 Kd6 64. Ke8 Ke5 1-0


[Site "https://www.chess.com"]